General information
			
			
        
        - name: 2v2 obs pros #8
 
        - type: Custom game
 
        - host: SoulStandered
 
        - saver: TIMG4STRok
 
        
map: TwistedMeadows 
        - players: 12
 
        - length: 32:44
 
        - speed: Fast
 - version: 1.22 W3XP
 - replay type:  

 
» download(231 KB)
Players
        team 1 (winner) 
              
              
» 
SoulStandered (
brown | 169 APM | 5527 actions | 32:44)
              
 6 Keeper of the Grove 
 3 Entangling Roots
 2 Thorns Aura
 1 Tranquility
 6 Priestess of the Moon 
 3 Trueshot Aura
 2 Searing Arrows
 1 Starfall
 
                » actions 
                
                | Assign group hotkey | 310 |  | 
| Basic commands | 22 |  | 
| Build / train | 105 |  | 
| Enter build submenu | 21 |  | 
| Enter hero's abilities submenu | 13 |  | 
| Give item / drop item | 2 |  | 
| Remove unit from queue | 6 |  | 
| Right click | 2335 |  | 
| Select / deselect | 993 |  | 
| Select group hotkey | 1533 |  | 
| Use ability | 187 |  | 
                5527 total
 » units 
                
                | Wisp | 23 |  | 
| Huntress | 10 |  | 
| Dryad | 8 |  | 
| Druid of the Claw | 17 |  | 
                58 total
 » upgrades
                
                | Ultravision | 1 |  | 
| Druid of the Claw Training | 2 |  | 
| Mark of the Claw | 1 |  | 
| Strength of the Wild | 1 |  | 
| Abolish Magic | 1 |  | 
                6 total
 » buildings
                
                | Altar of Elders | 1 |  | 
| Moon Well | 8 |  | 
| Hunter's Hall | 1 |  | 
| Ancient of War | 4 |  | 
| Tree of Ages | 2 |  | 
| Ancient of Lore | 3 |  | 
| Tree of Eternity | 2 |  | 
| Ancient of Wonders | 1 |  | 
| Ancient Protector | 3 |  | 
                25 total
 » build order
                00:07 Altar of Elders
00:19 Moon Well
01:28 Hunter's Hall
01:30 Ancient of War
01:47 Moon Well
01:49 Ancient of War
02:12 Ancient of War
02:38 Ancient of War
02:43 Moon Well
03:22 Tree of Ages
03:22 Tree of Ages
03:38 Moon Well
04:18 Moon Well
05:52 Ancient of Lore
05:54 Ancient of Lore
06:35 Ancient of Lore
08:15 Moon Well
08:16 Moon Well
08:59 Tree of Eternity
09:00 Tree of Eternity
09:17 Ancient of Wonders
10:36 Ancient Protector
10:53 Ancient Protector
13:20 Moon Well
14:56 Ancient Protector
» items
                
                | Boots of Speed | 1 |  | 
| Dust of Appearance | 1 |  | 
| Scroll of Town Portal | 3 |  | 
| Potion of Lesser Invulnerability | 2 |  | 
| Potion of Healing | 1 |  | 
| Scroll of Healing | 7 |  | 
| Scroll of Protection | 1 |  | 
                16 total
  
               
              
              
» 
AsianPresident (
pink | 98 APM | 3217 actions | 32:44)
              
 6 Blademaster 
 2 Wind Walk
 3 Critical Strike
 1 Bladestorm
 1 Shadow Hunter 
 1 Hex
 
                » actions 
                
                | Assign group hotkey | 13 |  | 
| Basic commands | 60 |  | 
| Build / train | 48 |  | 
| ESC pressed | 1 |  | 
| Enter build submenu | 24 |  | 
| Enter hero's abilities submenu | 7 |  | 
| Right click | 2095 |  | 
| Select / deselect | 503 |  | 
| Select group hotkey | 347 |  | 
| Use ability | 119 |  | 
                3217 total
 » units 
                
                | Peon | 22 |  | 
| Troll Batrider | 5 |  | 
| Wind Rider | 5 |  | 
                32 total
 » upgrades
                » buildings
                
                | Altar of Storms | 1 |  | 
| Orc Burrow | 8 |  | 
| Voodoo Lounge | 2 |  | 
| War Mill | 1 |  | 
| Watch Tower | 1 |  | 
| Great Hall | 2 |  | 
| Stronghold | 1 |  | 
| Beastiary | 4 |  | 
| Spirit Lodge | 1 |  | 
                21 total
 » build order
                00:04 Altar of Storms
00:08 Orc Burrow
07:55 Voodoo Lounge
09:57 War Mill
13:38 Watch Tower
14:11 Great Hall
14:43 Stronghold
15:08 Orc Burrow
15:48 Orc Burrow
17:11 Beastiary
17:13 Beastiary
18:37 Spirit Lodge
19:38 Voodoo Lounge
19:49 Beastiary
19:50 Beastiary
20:04 Orc Burrow
20:58 Orc Burrow
21:32 Orc Burrow
25:55 Orc Burrow
27:28 Orc Burrow
31:01 Great Hall
» items
                
                | Healing Salve | 1 |  | 
| Lesser Clarity Potion | 3 |  | 
| Scroll of Town Portal | 1 |  | 
                5 total
  
               team 2 (loser) 
              
              
» 
TIMG4STRok (
gray | 153 APM | 5024 actions | 32:44)
              
 6 Archmage 
 3 Summon Water Elemental
 2 Brilliance Aura
 1 Mass Teleport
 5 Mountain King 
 3 Storm Bolt
 2 Bash
 
                » actions 
                
                | Assign group hotkey | 41 |  | 
| Basic commands | 249 |  | 
| Build / train | 105 |  | 
| ESC pressed | 7 |  | 
| Enter build submenu | 39 |  | 
| Enter hero's abilities submenu | 11 |  | 
| Give item / drop item | 4 |  | 
| Remove unit from queue | 1 |  | 
| Right click | 2078 |  | 
| Select / deselect | 585 |  | 
| Select group hotkey | 1731 |  | 
| Use ability | 173 |  | 
                5024 total
 » units 
                
                | Peasant | 26 |  | 
| Footman | 9 |  | 
| Rifleman | 8 |  | 
| Sorceress | 3 |  | 
| Mortar Team | 3 |  | 
| Priest | 2 |  | 
| Spell Breaker | 1 |  | 
                52 total
 » upgrades
                
                | Lumber Harvesting | 1 |  | 
| Long Rifles | 1 |  | 
| Gunpowder | 1 |  | 
| Priest Training | 2 |  | 
| Sorceress Training | 3 |  | 
| Animal War Training | 0 |  | 
| Fragmentation Shards | 1 |  | 
| Flare | 1 |  | 
| Magic Sentry | 1 |  | 
| Control Magic | 1 |  | 
                12 total
 » buildings
                
                | Altar of Kings | 1 |  | 
| Barracks | 1 |  | 
| Farm | 8 |  | 
| Scout Tower | 17 |  | 
| Arcane Tower | 2 |  | 
| Lumber Mill | 1 |  | 
| Town Hall | 2 |  | 
| Arcane Vault | 1 |  | 
| Guard Tower | 7 |  | 
| Blacksmith | 1 |  | 
| Keep | 1 |  | 
| Arcane Sanctum | 2 |  | 
| Workshop | 1 |  | 
| Castle | 1 |  | 
                46 total
 » build order
                00:05 Altar of Kings
00:11 Barracks
00:15 Farm
00:57 Farm
01:33 Farm
01:56 Scout Tower
02:26 Arcane Tower
02:39 Lumber Mill
03:59 Town Hall
04:01 Scout Tower
04:02 Scout Tower
04:04 Scout Tower
04:08 Scout Tower
04:10 Scout Tower
04:20 Arcane Vault
04:28 Guard Tower
04:30 Guard Tower
04:39 Guard Tower
05:35 Arcane Tower
06:00 Scout Tower
06:14 Scout Tower
06:16 Scout Tower
06:18 Scout Tower
06:19 Scout Tower
06:50 Scout Tower
06:51 Scout Tower
06:55 Blacksmith
07:19 Guard Tower
08:02 Guard Tower
09:03 Keep
10:55 Farm
12:00 Farm
12:10 Arcane Sanctum
13:11 Arcane Sanctum
13:15 Workshop
14:51 Farm
17:55 Castle
17:59 Farm
18:00 Farm
18:29 Scout Tower
18:30 Scout Tower
18:36 Town Hall
20:05 Guard Tower
20:08 Scout Tower
20:45 Guard Tower
20:46 Scout Tower
» items
                
                | Healing Salve | 1 |  | 
| Scroll of Regeneration | 1 |  | 
| Lesser Clarity Potion | 1 |  | 
| Scroll of Town Portal | 6 |  | 
| Potion of Healing | 5 |  | 
| Staff of Sanctuary | 1 |  | 
| Potion of Lesser Invulnerability | 1 |  | 
                16 total
  
               
              
              
» 
MoScrilla (
red | 91 APM | 2748 actions | 30:06)
              
 4 Blademaster 
 2 Wind Walk
 2 Critical Strike
 3 Shadow Hunter 
 1 Hex
 2 Healing Wave
 
                » actions 
                
                | Assign group hotkey | 57 |  | 
| Basic commands | 54 |  | 
| Build / train | 78 |  | 
| ESC pressed | 8 |  | 
| Enter build submenu | 21 |  | 
| Enter hero's abilities submenu | 7 |  | 
| Give item / drop item | 1 |  | 
| Right click | 1241 |  | 
| Select / deselect | 526 |  | 
| Select group hotkey | 624 |  | 
| Use ability | 130 |  | 
                2748 total
 » units 
                
                | Peon | 11 |  | 
| Grunt | 6 |  | 
| Wind Rider | 22 |  | 
| Raider | 4 |  | 
| Kodo Beast | 3 |  | 
| Troll Batrider | 5 |  | 
                51 total
 » upgrades
                » buildings
                
                | Altar of Storms | 3 |  | 
| Orc Burrow | 6 |  | 
| Barracks | 1 |  | 
| Voodoo Lounge | 3 |  | 
| War Mill | 1 |  | 
| Stronghold | 2 |  | 
| Watch Tower | 2 |  | 
| Beastiary | 2 |  | 
                20 total
 » build order
                00:06 Altar of Storms
00:10 Altar of Storms
00:21 Orc Burrow
00:51 Barracks
01:34 Orc Burrow
01:58 Voodoo Lounge
02:43 Voodoo Lounge
03:05 War Mill
03:52 Stronghold
04:19 Watch Tower
04:22 Watch Tower
05:19 Orc Burrow
05:36 Voodoo Lounge
06:43 Beastiary
06:46 Beastiary
09:28 Orc Burrow
14:18 Orc Burrow
14:51 Orc Burrow
24:12 Altar of Storms
» items
                
                | Healing Salve | 3 |  | 
| Scroll of Town Portal | 6 |  | 
| Scroll of Speed | 2 |  | 
| Dust of Appearance | 1 |  | 
| Lesser Clarity Potion | 1 |  | 
                13 total
  
               observersBEAR_AND, 
opti, 
Iceberg-Slim, 
Dark_Hunter, 
REDSEWFDS, 
LateNightPwnage, 
Sparkin0, 
qtree Chat log
          (00:15 / All) MoScrilla: doin you suck
(00:35 / Allies) TIMG4STRok: gonna fexpo
(00:37 / All) SoulStandered: R.I.P prOnima who died in a car accident may 03 2008
(00:40 / Allies) MoScrilla: ohtay
(00:43 / All) SoulStandered: this is for you ron
(01:09 / Allies) MoScrilla: ill scout then
(01:11 / Allies) TIMG4STRok: OK
(01:46 / Allies) TIMG4STRok: elf
(02:31 / Allies) MoScrilla: 2 ne
(06:36 / Allies) MoScrilla: cancel
(06:58 / Allies) MoScrilla: getting wuyv
(08:00 / Allies) MoScrilla: need tp
(08:51 / Allies) MoScrilla: oh dryads
(08:52 / Allies) MoScrilla: hacker
(09:33 / Allies) TIMG4STRok: you gotta make something happen or we lose
(09:49 / Allies) MoScrilla: ii can't
(12:14 / Allies) TIMG4STRok: wood
(13:56 / Allies) TIMG4STRok: go
(18:22 / Allies) TIMG4STRok: b
(18:47 / Allies) MoScrilla: goto gold?
(18:59 / Allies) MoScrilla: got gold
(19:06 / Allies) TIMG4STRok: bats
(20:35 / Allies) TIMG4STRok: keep the elf busy
(22:12 / Allies) TIMG4STRok: b
(22:44 / Allies) TIMG4STRok: go
(24:12 / All) TIMG4STRok: lmao
(24:16 / All) TIMG4STRok: you think talons got that kind of micro
(24:59 / Allies) MoScrilla: gold
(25:00 / Allies) MoScrilla: for hero
(27:25 / Allies) TIMG4STRok: wind walk in his base
(27:27 / Allies) TIMG4STRok: i mass tp
(27:29 / Allies) TIMG4STRok: quick
(27:37 / Allies) TIMG4STRok: go
(27:37 / Allies) TIMG4STRok: in
(27:38 / Allies) TIMG4STRok: his
(27:40 / Allies) TIMG4STRok: base
(27:43 / Allies) MoScrilla: browns?
(27:46 / Allies) TIMG4STRok: yes
(28:12 / Allies) TIMG4STRok: find his epxo
(28:31 / Allies) TIMG4STRok: stop
(28:32 / Allies) TIMG4STRok: go find his epxo
(29:37 / Allies) TIMG4STRok: out
(29:42 / Allies) MoScrilla: FUCK
(30:05 / All) MoScrilla: HEY TIMG, GL YOU DICK FUNGUS
(30:14 / All) TIMG4STRok: what can i do in a 1v3